 Dungeon Crawl Stone Soup version 0.29.1-15-g9cfb28693d (webtiles) character file.

Game seed: 17776390827228192853

46 BuddhaDhamma the Chopper (level 3, -8/31 HPs)
             Began as a Minotaur Berserker on Mar 14, 2023.
             Was a Believer of Trog.
             Killed by divine providence
             ... invoked by an orc priest
              (12 damage)
             ... on level 3 of the Dungeon.
             The game lasted 00:02:40 (2178 turns).

BuddhaDhamma the Chopper (Minotaur Berserker)       Turns: 2178, Time: 00:02:40

Health: -8/31      AC:  8    Str: 23    XL:     3   Next: 46%
Magic:  2/2        EV:  8    Int:  4    God:    Trog [**....]
Gold:   162        SH:  0    Dex:  9    Spells: 2/2 levels left

rFire   . . .      SeeInvis .   a - +0 hand axe
rCold   . . .      Faith    .   (no shield)
rNeg    + . .      Spirit   .   m - +0 chain mail
rPois   .          Reflect  .   (helmet restricted)
rElec   .          Harm     .   (no cloak)
rCorr   .          Rampage  .   (no gloves)
Will    .....                   (no boots)
Stlth   ..........              (no amulet)
HPRegen 0.10/turn               p - ring of positive energy
MPRegen 0.08/turn               (no ring)

@: confused, on berserk cooldown, slowed, very slow
A: horns 2, retaliatory headbutt
a: Renounce Religion, Berserk, Trog's Hand


You were on level 3 of the Dungeon.
You worshipped Trog.
Trog was pleased with you.
You visited 1 branch of the dungeon, and saw 3 of its levels.

You collected 162 gold pieces.

Inventory:

Hand Weapons
 a - a +0 hand axe (weapon)
Armour
 m - a +0 chain mail (worn)
Jewellery
 p - a ring of positive energy (left hand)
Scrolls
 b - a scroll of blinking {unknown}
 c - 5 scrolls of identify {unknown}
 d - 2 scrolls of poison {unknown}
 f - a scroll of amnesia {unknown}
 h - a scroll of summoning {unknown}
 k - 3 scrolls of noise {unknown}
 n - 5 scrolls of magic mapping {unknown}
Potions
 e - 2 potions of brilliance {unknown}
 g - a potion of magic {unknown}
 i - a potion of heal wounds {unknown}
 j - a potion of flight {unknown}
 l - 2 potions of curing {unknown}
 o - a potion of haste {unknown}


   Skills:
 - Level 3.6 Fighting
 + Level 5.5 Axes
 - Level 2.4 Armour
 - Level 2.1 Dodging


You had 2 spell levels left.
You didn't know any spells.
Your spell library was empty.

Dungeon Overview and Level Annotations

Branches:
Dungeon (3/15)

Altars:


Innate Abilities, Weirdness & Mutations

You have a pair of horns on your head.
You reflexively headbutt those who attack you in melee.


Message History

a +0 dagger; an orc corpse You feel your anger nearly subside.
You are no longer berserk.
You are exhausted.
You feel yourself slow down. Something hits you. The orc barely misses you.
You furiously retaliate!
You headbutt the orc!
You kill the orc!
Trog accepts your kill.
The orc priest invokes the aid of Beogh against you.
Beogh smites you!
Things that are here:
a +0 dagger; an orc corpse Something hits you but does no damage.
The orc priest hits you but does no damage.
The orc priest hits you with a +0 short sword.
* * * LOW HITPOINT WARNING * * *
The orc priest hits you with a +0 short sword.
* * * LOW HITPOINT WARNING * * *
Something hits you but does no damage. Something hits you but does no damage.
The orc priest hits you with a +0 short sword.
* * * LOW HITPOINT WARNING * * *
You barely miss the orc priest. Your headbutt misses the orc priest.
The orc priest is lightly wounded.
You hit something. Something hits you but does no damage.
The orc priest barely misses you. You furiously retaliate!
You headbutt the orc priest!
You hear some strange, mumbled words.
You are confused.
The orc priest hits you with a +0 short sword.
* * * LOW HITPOINT WARNING * * *
You miss the orc priest. Your headbutt misses the orc priest.
The orc priest is almost dead.
You barely miss something. Something hits you but does no damage.
The orc priest barely misses you.
You're too confused to move!
Something hits you but does no damage.
The orc priest hits you with a +0 short sword.
* * * LOW HITPOINT WARNING * * *
The orc priest calls down the wrath of Beogh upon you.
Beogh smites you!
You die...

#..#..........
...#..................
...#.................#
...###...............
...###.............. ####
.....#............. .....
...........#......###......
...........................
....>....PP.....@..........
........P~~P...go..........
...#.....P...#..))........
...+........+##.)......... .
...#+#..⌠..## ##.....#......
##..........###......##.....
.#...........#.....#........
.#.................#........
................#.##........


You could see an orc priest and a hobgoblin.

Vanquished Creatures
  4 orcs (D:3)
  9 endoplasms
  3 goblins
  4 kobolds
  2 quokkas
  10 ball pythons
  4 bats
  4 frilled lizards
  2 rats
42 creatures vanquished.

Vanquished Creatures (others)
  2 plants (D:1)
2 creatures vanquished.

Grand Total: 44 creatures vanquished

Notes
Turn   | Place    | Note
-------+----------+-------------------------------------------
     0 | D:1      | BuddhaDhamma the Minotaur Berserker began the quest for the
                  | Orb.
     0 | D:1      | Reached XP level 1. HP: 19/19 MP: 0/0
   421 | D:1      | Reached skill level 4 in Axes
   622 | D:1      | Reached XP level 2. HP: 21/26 MP: 1/1
  1037 | D:2      | Found a faded altar of an unknown god.
  1239 | D:2      | Reached skill level 5 in Axes
  1437 | D:2      | Reached XP level 3. HP: 30/31 MP: 2/2
  1489 | D:2      | Reached ** piety under Trog
  2178 | D:3      | Killed from afar by an orc priest

Illustrated notes

Levels and vault maps discovered:
D:1:      lightli_arrival_boilingwater, layout_loops_ring,
          serial_bayou_lagoon_a, nrook_mini_vaults
D:2:      layout_loops_corners, shapermc_ecumenical_altar_totnotflames
D:3:      layout_basic, tso_oasis_becter

Skill      XL: |  1  2 |
---------------+-------+-----
Axes           | 4 5 |  5.5
Fighting       | |  3.6
Armour         | |  2.4
Dodging        | |  2.1

Action                   || total
-------------------------++-------
Melee: Hand axe          ||    67
       Headbutt          ||    11
Invok: Berserk           ||     1
 Stab: Sleeping          ||     1
Armor: Animal skin       ||     8
       Chain mail        ||    24
Dodge: Dodged            ||    33
